 Dungeon Crawl Stone Soup version 0.22-a0-374-g5dfd9e3 (webtiles) character file.

29 iamserjio the Firebug (level 3, 24/24 HPs)
             Began as a Demonspawn Fire Elementalist on Apr 26, 2018.
             Quit the game on level 1 of the Dungeon.
             The game lasted 00:02:40 (1292 turns).

iamserjio the Firebug (DsFE)                        Turns: 1292, Time: 00:02:41

Health: 24/24      AC:  2    Str:  8    XL:     3   Next: 1%
Magic:  4/6        EV: 12    Int: 17    God:
Gold:   91         SH:  0    Dex: 13    Spells: 5/6 levels left

rFire    . . .     SeeInvis .   b - +0 dagger
rCold    . . .     Gourm    .   (no shield)
rNeg     . . .     Faith    .   a - +0 robe
rPois    .         Spirit   .   (helmet restricted)
rElec    .         Reflect  .   (no cloak)
rCorr    .         Harm     .   (no gloves)
MR       .....                  (no boots)
Stlth    ++........             (no amulet)
HPRegen  0.08/turn              (no ring)
MPRegen  0.10/turn              (no ring)

@: no status effects
A: claws 1, horns 1
a: no special abilities


You were on level 1 of the Dungeon.
You were hungry.

You visited 1 branch of the dungeon, and saw 1 of its levels.

You collected 91 gold pieces.

Inventory:

Hand Weapons
 b - a +0 dagger (weapon)
Armour
 a - a +0 robe (worn)
 f - a +0 pair of boots
Scrolls
 e - 2 scrolls of teleportation {unknown}
 g - 3 scrolls of identify {unknown}
 i - a scroll of enchant weapon {unknown}
 j - a scroll of fear {unknown}
Potions
 d - 2 potions of haste {unknown}
 h - a potion of flight {unknown}
Comestibles
 c - 4 rations


   Skills:
 - Level 1.7 Dodging
 - Level 1.7 Stealth
 + Level 2.4 Spellcasting
 + Level 1.9 Conjurations
 + Level 3.1 Fire Magic


You had 5 spell levels left.
You knew the following spells:

 Your Spells              Type           Power        Failure   Level  Hunger
a - Flame Tongue          Conj/Fire      ##...        7%          1    #......


Dungeon Overview and Level Annotations

Branches:
Dungeon (1/15)

Altars:


Innate Abilities, Weirdness & Mutations

You have sharp fingernails.
You have a pair of small horns on your head.


Message History

j - a scroll labeled CIHYJA ENTI
g - 3 scrolls labeled JOTOMILOUS (gained 1)
There is an open door here.
You are feeling hungry.
A kobold comes into view. It is wielding a whip.
The kobold throws a stone.
The stone hits you but does no damage.
You see here a stone.
Casting: Flame Tongue (safe; 7% risk of failure)
Confirm with . or Enter, or press ? or * to list all spells.
Aiming: Flame Tongue (safe; 7% risk of failure)
Press: ? - help, Shift-Dir - straight line, f - kobold
Aim: a kobold, wielding a whip The flame tongue hits the kobold.
You kill the kobold!
You have reached level 3!
Your experience leads to an increase in your attributes!
Increase (S)trength, (I)ntelligence, or (D)exterity?
You feel clever.
Your demonic ancestry asserts itself...
Your fingernails lengthen.
Are you sure you want to abandon this character and quit the game? (Confirm with "yes".)

######################
#..............
######....###.# #....#
#.. ###.##.###..
#...........
#.#.##.....#
##########.#.#####..#
#...@................
#)########'#.#####...
#........######.#
#........#.......
#................
#........#.####.#
#........#.####.#
#................
#.............#.#


There were no monsters in sight!

Vanquished Creatures
  2 dart slugs (D:1)
  A ball python (D:1)
  8 bats (D:1)
  3 giant cockroaches (D:1)
  3 goblins (D:1)
  2 hobgoblins (D:1)
  A frilled lizard (D:1)
  3 kobolds (D:1)
  A rat (D:1)
24 creatures vanquished.

Notes
Turn   | Place    | Note
-------+----------+-------------------------------------------
     0 | D:1      | iamserjio the Demonspawn Fire Elementalist began the quest for the Orb.
     0 | D:1      | Reached XP level 1. HP: 13/13 MP: 3/3
     2 | D:1      | Noticed a ghoul
     2 | D:1      | Noticed a demigod
     6 | D:1      | Noticed a dwarf
     6 | D:1      | Noticed a minotaur
     8 | D:1      | Noticed a spriggan
    10 | D:1      | Noticed a naga
    10 | D:1      | Noticed a formicid
    12 | D:1      | Noticed a gargoyle
    12 | D:1      | Noticed a merfolk
    14 | D:1      | Noticed a halfling
    14 | D:1      | Noticed a vine stalker
    16 | D:1      | Noticed a tengu
    16 | D:1      | Noticed a troll
    18 | D:1      | Noticed a human
    18 | D:1      | Noticed a felid
    20 | D:1      | Noticed a demonspawn
    20 | D:1      | Noticed a centaur
    22 | D:1      | Noticed an elf
    22 | D:1      | Noticed an octopode
    24 | D:1      | Noticed a vampire
    24 | D:1      | Noticed an ogre
    26 | D:1      | Noticed a draconian
   216 | D:1      | Gained mutation: You have a pair of small horns on your head. [demonic ancestry]
   216 | D:1      | Reached XP level 2. HP: 18/19 MP: 0/5
   398 | D:1      | Reached skill level 3 in Fire Magic
  1291 | D:1      | Gained mutation: You have sharp fingernails. [demonic ancestry]
  1291 | D:1      | Reached XP level 3. HP: 24/24 MP: 4/6
  1292 | D:1      | Quit the game

Vault maps used:
D:1:      kb_arrival_jail, grunt_decor_arrowhead

Skill      XL: |  1  2 |
---------------+-------+-----
Fire Magic     | 3 |  3.1
Dodging        | |  1.7
Stealth        | |  1.7
Spellcasting   | |  2.4
Conjurations   | |  1.9

Action                   || total
-------------------------++-------
Melee: Dagger            ||    26
       Headbutt          ||     3
 Cast: Flame Tongue      ||    38
  Eat: Chunk             ||     1
Armor: Robe              ||    17
Dodge: Dodged            ||    35

Table legend:
 A = Spawn XP
 B = Non-spawn XP
 C = Spawn XP percentage of total XP
 D = Spawn monster count
 E = Non-spawn monster count
 F = Spawn count percentage of total count
 G = Total turns spent on level
                    A         B        C        D         E        F      G
               +---------+---------+-------+---------+---------+-------+---------
         Total |       0 |      42 |   0.0 |       0 |      24 |   0.0 |  1292
               +---------+---------+-------+---------+---------+-------+---------
           D:1 |       0 |      42 |   0.0 |       0 |      24 |   0.0 |  1292
               +---------+---------+-------+---------+---------+-------+---------
